General information
- name: BNet
- type: Ladder team game (AT/RT)
- host: Battle.net
- saver: KODOS_FORSAKEN
map: GnollWood
- players: 4
- length: 16:25
- speed: Fast
- version: 1.24 W3XP
- replay type: Public
» download(73 KB)
Players
team 1 (winner)

»
KODOS_FORSAKEN (
yellow | 145 APM | 2383 actions | 16:25)
5 Tauren Chieftain
2 Endurance Aura
3 War Stomp
5 Death Knight
3 Death Coil
2 Unholy Aura
3 Shadow Hunter
2 Hex
1 Healing Wave
3 Lich
2 Frost Nova
1 Frost Armor
» actions
| Assign group hotkey | 321 | |
| Basic commands | 9 | |
| Build / train | 98 | |
| Enter build submenu | 23 | |
| Enter hero's abilities submenu | 16 | |
| Give item / drop item | 3 | |
| Right click | 810 | |
| Select / deselect | 490 | |
| Select group hotkey | 512 | |
| Use ability | 101 | |
2383 total
» units
| Acolyte | 2 | |
| Peon | 7 | |
| Ghoul | 1 | |
| Grunt | 15 | |
| Crypt Fiend | 16 | |
41 total
» upgrades
| Creature Attack | 2 | |
| Creature Carapace | 2 | |
| Armor | 2 | |
| Berserker Strength | 1 | |
| Melee Weapons | 2 | |
| Web | 1 | |
| Pillage | 1 | |
11 total
» buildings
| Graveyard | 1 | |
| Altar of Storms | 1 | |
| Crypt | 3 | |
| Orc Burrow | 6 | |
| Barracks | 2 | |
| Altar of Darkness | 1 | |
| Ziggurat | 4 | |
| Tomb of Relics | 1 | |
| Voodoo Lounge | 1 | |
| Nerubian Tower | 1 | |
| War Mill | 1 | |
| Halls of the Dead | 1 | |
| Stronghold | 1 | |
24 total
» build order
00:08 Graveyard
00:17 Altar of Storms
00:27 Crypt
00:33 Orc Burrow
00:43 Barracks
00:50 Altar of Darkness
01:03 Ziggurat
01:37 Tomb of Relics
01:54 Orc Burrow
02:02 Ziggurat
02:15 Barracks
02:37 Voodoo Lounge
02:58 Nerubian Tower
03:10 Orc Burrow
03:58 Crypt
04:59 Crypt
05:01 Ziggurat
05:31 Orc Burrow
07:34 Ziggurat
07:50 War Mill
08:12 Orc Burrow
08:42 Halls of the Dead
08:44 Stronghold
14:47 Orc Burrow
» items
| Rod of Necromancy | 2 | |
| Dust of Appearance | 1 | |
| Healing Salve | 2 | |
| Scroll of Healing | 3 | |
| Scroll of Protection | 2 | |
| Lesser Clarity Potion | 2 | |
12 total

»
Natiruts. (
green | 0 APM | 0 actions | 16:25)
team 2 (loser)
SOLID.GOLD (
teal | 79 APM | 1189 actions | 15:02)
3 Priestess of the Moon
1 Searing Arrows
2 Trueshot Aura
» actions
| Assign group hotkey | 29 | |
| Build / train | 47 | |
| Enter build submenu | 8 | |
| Enter hero's abilities submenu | 3 | |
| Right click | 569 | |
| Select / deselect | 274 | |
| Select group hotkey | 208 | |
| Use ability | 51 | |
1189 total
» units
» buildings
| Altar of Elders | 1 | |
| Moon Well | 3 | |
| Hunter's Hall | 1 | |
| Ancient of War | 2 | |
| Tree of Life | 1 | |
8 total
» build order
00:04 Altar of Elders
00:18 Moon Well
01:23 Hunter's Hall
01:55 Ancient of War
02:23 Ancient of War
02:45 Moon Well
03:01 Moon Well
05:02 Tree of Life
» items
| Staff of Teleportation | 1 | |
| Scroll of Town Portal | 2 | |
3 total
StB]allstar (
red | 43 APM | 701 actions | 16:23)
4 Death Knight
2 Death Coil
2 Unholy Aura
2 Lich
1 Frost Nova
1 Frost Armor
1 Crypt Lord
1 Impale
» actions
| Build / train | 60 | |
| ESC pressed | 1 | |
| Enter build submenu | 12 | |
| Enter hero's abilities submenu | 7 | |
| Give item / drop item | 5 | |
| Remove unit from queue | 2 | |
| Right click | 307 | |
| Select / deselect | 234 | |
| Use ability | 73 | |
701 total
» units
| Acolyte | 2 | |
| Ghoul | 1 | |
| Crypt Fiend | 15 | |
| Obsidian Statue | 1 | |
| Frost Wyrm | 15 | |
34 total
» upgrades
» buildings
| Graveyard | 1 | |
| Crypt | 1 | |
| Altar of Darkness | 1 | |
| Ziggurat | 6 | |
| Tomb of Relics | 1 | |
| Halls of the Dead | 1 | |
| Black Citadel | 1 | |
| Sacrificial Pit | 1 | |
| Slaughterhouse | 1 | |
| Boneyard | 2 | |
| Spirit Tower | 2 | |
18 total
» build order
00:31 Graveyard
00:35 Crypt
00:38 Altar of Darkness
00:40 Ziggurat
01:41 Tomb of Relics
02:10 Ziggurat
03:25 Halls of the Dead
03:45 Ziggurat
05:11 Ziggurat
07:28 Black Citadel
07:43 Sacrificial Pit
07:47 Slaughterhouse
10:22 Boneyard
10:23 Boneyard
10:37 Ziggurat
10:39 Ziggurat
14:05 Spirit Tower
» items
| Rod of Necromancy | 1 | |
| Potion of Healing | 2 | |
| Scroll of Town Portal | 5 | |
8 total
Chat log
(00:05 / All) StB]allstar: kodos
(00:11 / All) StB]allstar: plz drop me oh godly one
(00:20 / All) KODOS_FORSAKEN: i dont hack?
(00:26 / All) StB]allstar: plz give me a hug?
(00:38 / All) KODOS_FORSAKEN: what>?
(00:44 / All) StB]allstar: plz give me a hug
(00:48 / All) StB]allstar: ur my idol
(01:07 / All) KODOS_FORSAKEN: i bet
(01:13 / All) StB]allstar: u do?
(02:40 / All) StB]allstar: kodos
(02:43 / All) StB]allstar: i love u
(02:49 / All) StB]allstar: PLZZZZZZZZZZZ wheres my hug
(08:37 / All) StB]allstar: kodos do u have web yet?
(12:11 / All) StB]allstar: kodos plz dont win
(12:17 / All) StB]allstar: lol jk